 Dungeon Crawl Stone Soup version 0.22-a0-445-g8c8ef71 (webtiles) character file.

79 Firecrotchwizard the Shield-Bearer (level 4, 0/41 HPs)
             Began as a Minotaur Fighter on June 3, 2018.
             Was an Initiate of Wu Jian.
             Slain by Grinder (1 damage)
             ... on level 3 of the Dungeon.
             The game lasted 00:02:35 (1479 turns).

Firecrotchwizard the Shield-Bearer (MiFi)           Turns: 1479, Time: 00:02:35

Health: 0/41       AC:  6    Str: 20    XL:     4   Next: 17%
Magic:  3/3        EV:  7    Int:  5    God:    Wu Jian [......]
Gold:   113        SH:  9    Dex: 11    Spells: 3/3 levels left

rFire    . . .     SeeInvis .     - Unarmed
rCold    . . .     Gourm    .   b - +0 shield
rNeg     . . .     Faith    .   a - +0 scale mail
rPois    .         Spirit   .   (helmet restricted)
rElec    .         Reflect  .   (no cloak)
rCorr    .         Harm     .   (no gloves)
MR       .....                  (no boots)
Stlth    ..........             (no amulet)
HPRegen  0.13/turn              (no ring)
MPRegen  0.08/turn              (no ring)

@: no status effects
A: retaliatory headbutt, horns 2
a: Renounce Religion


You were on level 3 of the Dungeon.
You worshipped Wu Jian.
Wu Jian was noncommittal.
You were not hungry.

You visited 1 branch of the dungeon, and saw 3 of its levels.

You collected 113 gold pieces.

Inventory:

Armour
 a - a +0 scale mail (worn)
 b - a +0 shield (worn)
Wands
 k - a wand of enslavement (14)
   (You found it on level 2 of the Dungeon)
Scrolls
 f - a scroll of remove curse {unknown}
 g - a scroll of amnesia {unknown}
 h - a scroll of fog {unknown}
 i - a scroll of identify {unknown}
 j - 2 scrolls of enchant armour {unknown}
 l - a scroll of fear {unknown}
 n - a scroll of teleportation {unknown}
Potions
 c - 2 potions of might
 e - a potion of brilliance {unknown}
Comestibles
 d - 3 rations {@e1}


   Skills:
 + Level 4.3 Fighting
 - Level 3.6 Armour
 + Level 4.4 Shields
 * Level 3.7 Unarmed Combat


You had 3 spell levels left.
You didn't know any spells.
Your spell library was empty.

Dungeon Overview and Level Annotations

Branches:
Dungeon (3/15)

Altars:
Trog
Wu Jian

Annotations:
D:3 Grinder


Innate Abilities, Weirdness & Mutations

You reflexively headbutt those who attack you in melee.
You have a pair of horns on your head.


Message History

Moving in this stuff is going to be slow.
Eating a chunk of flesh {@w0}.
You eat the chunk of flesh {@w0}.
You enter the shallow water.
Moving in this stuff is going to be slow.
You enter the shallow water.
Moving in this stuff is going to be slow.
You enter the shallow water.
Moving in this stuff is going to be slow.
There is a stone staircase leading down here.
Done exploring.
Done exploring.
(D) Dungeon
Where to? (Enter - D:2 @ (x,y), ? - help)
There is a stone staircase leading down here.
You climb downwards.
Found a stone staircase leading down.
There is a stone staircase leading up here.
Found a stone staircase leading down.
Found a stone staircase leading up.
Grinder comes into view.
Grinder shouts!
Grinder gestures at you.
You suddenly lose the ability to move!
A bat comes into view.
The bat hits you but does no damage.
You can move again.
The bat hits you but does no damage. You block the bat's attack.
The bat hits you but does no damage.
You lunge at Grinder.
You punch Grinder! The bat hits you but does no damage.
The bat closely misses you. Grinder gestures at you.
Pain shoots through your body!
You take 7 damage, and have 33/40 hp.
You hit Grinder but do no damage. The bat hits you but does no damage.
Grinder gestures at you. Pain shoots through your body!
You take 1 damage, and have 32/40 hp.
Your shield and scale mail prevent you from hitting Grinder.
The bat completely misses you. Grinder hits you.
You writhe in agony.
You take 8 damage, and have 24/40 hp.
You hit Grinder. Your headbutt misses Grinder. You block Grinder's attack.
The bat closely misses you.
You hit Grinder. The bat hits you but does no damage.
Grinder barely misses you.
You completely miss Grinder. The bat hits you but does no damage. x2
Grinder gestures at you. Pain shoots through your body!
You take 1 damage, and have 24/40 hp.
You hit Grinder. You block the bat's attack.
Grinder hits you but does no damage.
You hit Grinder but do no damage. Your headbutt misses Grinder.
Grinder hits you but does no damage. You block the bat's attack.
You hit Grinder but do no damage. You block the bat's attack.
Grinder hits you but does no damage.
You hit Grinder. The bat closely misses you. You furiously retaliate!
You headbutt the bat.
Grinder says, "Mostly I couldn't keep them alive."
Grinder hits you.
You take 6 damage, and have 18/40 hp.
You hit Grinder but do no damage. The bat hits you but does no damage.
Grinder hits you but does no damage.
You punch Grinder! You headbutt Grinder! The bat hits you.
Grinder gestures at you.
You suddenly lose the ability to move!
The bat hits you but does no damage. Grinder hits you.
You writhe in agony.
* * * LOW HITPOINT WARNING * * *
The bat hits you but does no damage.
Grinder blinks!
The bat hits you but does no damage. The bat hits you.
* * * LOW HITPOINT WARNING * * *
The bat barely misses you. The bat hits you but does no damage.
You can move again.
You take 9 damage, and have 10/40 hp.
MASSIVE DAMAGE!!
You block the bat's attack. The bat hits you but does no damage.
You block the bat's attack.
A bat is nearby!
You hit the bat.
You kill the bat!
The Council accepts your kill.
You start resting.
Grinder is too close now for your liking.
You see here a scroll labeled UNWU ABBUUXU.
Grinder says, "Wait up."
Grinder gestures at you.
You suddenly lose the ability to move!
Grinder blinks!
You can move again.
Grinder gestures at you. You resist with significant effort.
Grinder gestures at you.
You shrug off the repeated paralysis!
You lunge at Grinder.
You closely miss Grinder. You headbutt Grinder. Grinder gestures at you.
Pain shoots through your body!
* * * LOW HITPOINT WARNING * * *
You take 11 damage, and have 1/41 hp.
MASSIVE DAMAGE!!
You barely miss Grinder. Grinder hits you.
You die...

##.#### #...... ......##
.##..#####.##..#...#
...............#...# .
#......##.##.##...#
..#...##.##.#..##...#####
.......<5................
#....#@##.#..##########
..#......................
........?....>.#######.##
....(...............
..#......##.#..#####
#......##.#..#
...............#
..................
............#..###.


You could see Grinder.

Vanquished Creatures
  4 adders (D:2)
  An ooze (D:2)
  A worm (D:2)
  2 leopard geckos
  A ball python (D:1)
  4 giant cockroaches
  3 goblins (D:2)
  5 hobgoblins
  4 kobolds
  A quokka (D:2)
  A bat (D:3)
  2 frilled lizards (D:2)
  4 rats
33 creatures vanquished.

Notes
Turn   | Place    | Note
-------+----------+-------------------------------------------
     0 | D:1      | Firecrotchwizard the Minotaur Fighter began the quest for the Orb.
     0 | D:1      | Reached XP level 1. HP: 19/19 MP: 0/0
   163 | D:1      | Reached XP level 2. HP: 27/27 MP: 1/1
   483 | D:2      | Reached skill level 4 in Fighting
   483 | D:2      | Reached skill level 4 in Shields
   483 | D:2      | Reached skill level 3 in Unarmed Combat
   545 | D:2      | Reached XP level 3. HP: 21/33 MP: 2/2
  1075 | D:2      | Reached XP level 4. HP: 34/40 MP: 3/3
  1123 | D:2      | Found a faded altar of an unknown god.
  1166 | D:2      | Found a bloodstained altar of Trog.
  1172 | D:2      | Found an ornate altar of the Wu Jian Council.
  1261 | D:2      | Became a worshipper of the Wu Jian Council
  1445 | D:3      | Noticed Grinder
  1445 | D:3      | Paralysed by Grinder for 4 turns
  1462 | D:3      | Paralysed by Grinder for 5 turns
  1466 | D:3      | HP: 10/40 [bat (1)]
  1473 | D:3      | Paralysed by Grinder for 2 turns
  1478 | D:3      | HP: 1/41 [Grinder/nerve-wracking pain (11)]
  1479 | D:3      | Slain by Grinder

Vault maps used:
D:1:      nzn_arrival_depleted_hourglass
D:2:      amethyst_overflow_temple_binary, chequers_ecumenical_altar_island,
          serial_park_tiny_1, minmay_hexomino_c4
D:3:      grunt_temple_overflow_open, uniq_grinder, uniq_robin

Skill      XL: |  1  2 |
---------------+-------+-----
Fighting       | 4 |  4.3
Shields        | 4 |  4.4
Unarmed Combat | 3 |  3.7
Armour         | |  3.6

Action                   |  1- 3 |  4- 6 || total
-------------------------+-------+-------++-------
Melee: Unarmed           |   102 |    22 ||   124
       Headbutt          |    15 |     4 ||    19
Invok: Lunge             |       |     2 ||     2
  Eat: Chunk             |       |     2 ||     2
Armor: Scale mail        |    32 |    22 ||    54
Dodge: Dodged            |    20 |     8 ||    28
Block: Shield            |    37 |     8 ||    45

Table legend:
 A = Spawn XP
 B = Non-spawn XP
 C = Spawn XP percentage of total XP
 D = Spawn monster count
 E = Non-spawn monster count
 F = Spawn count percentage of total count
 G = Total turns spent on level
                    A         B        C        D         E        F      G
               +---------+---------+-------+---------+---------+-------+---------
         Total |       0 |     114 |   0.0 |       0 |      33 |   0.0 |  1479
               +---------+---------+-------+---------+---------+-------+---------
           D:1 |       0 |      19 |   0.0 |       0 |      10 |   0.0 |   449
           D:2 |       0 |      94 |   0.0 |       0 |      22 |   0.0 |   930
           D:3 |       0 |       1 |   0.0 |       0 |       1 |   0.0 |   100
               +---------+---------+-------+---------+---------+-------+---------

Vault maps used:
D:1:      nzn_arrival_depleted_hourglass
D:2:      amethyst_overflow_temple_binary, chequers_ecumenical_altar_island,
          serial_park_tiny_1, minmay_hexomino_c4
D:3:      grunt_temple_overflow_open, uniq_grinder, uniq_robin

Table legend:
 A = Turns spent in this place as a percentage of turns spent in the entire game.
 B = Non-inter-level travel turns spent in this place as a percentage of non-inter-level travel turns spent in the entire game.
 C = Inter-level travel turns spent in this place as a percentage of turns spent in this place.
 D = Turns resting spent in this place as a percentage of non-inter-level travel turns spent in this place.
 E = Turns spent auto-exploring this place as a percentage of non-inter-level travel turns spent in this place.
 F = Non-inter-level travel turns spent in this place divided by the number of levels of this place that you've seen.
                   A       B       C       D       E      F
               +-------+-------+-------+-------+-------+----------------------
         Total | 100.0 | 100.0 |   2.0 |  17.5 |  64.1 | 483.0
       Dungeon | 100.0 | 100.0 |   2.0 |  17.5 |  64.1 | 483.0
               +-------+-------+-------+-------+-------+----------------------

Table legend:
 A = Kills in this place as a percentage of kills in entire the game.
 B = Kills by you in this place as a percentage of kills by you in the entire game.
 C = Kills by friends in this place as a percentage of kills by friends in the entire game.
 D = Other kills in this place as a percentage of other kills in the entire game.
 E = Experience gained in this place as a percentage of experience gained in the entire game.
 F = Experience gained in this place divided by the number of levels of this place that you have seen.
                   A       B       C       D       E      F
               +-------+-------+-------+-------+-------+----------------------
         Total | 100.0 | 100.0 |   N/A |   N/A | 100.0 |  38.0
       Dungeon | 100.0 | 100.0 |   N/A |   N/A | 100.0 |  38.0
               +-------+-------+-------+-------+-------+----------------------
